 Dungeon Crawl Stone Soup version 0.25-a0-424-g80bd347ae0 (webtiles) character file.

Game seed: 14485901771769480399, levelgen mode: deterministic

64 Kohma the Changer (level 4, 0/38 HPs)
             Began as a Naga Transmuter on Jan 23, 2020.
             Succumbed to a kobold's poison
             ... on level 3 of the Dungeon.
             The game lasted 00:06:10 (3002 turns).

Kohma the Changer (Naga Transmuter)                 Turns: 3002, Time: 00:06:11

Health: 0/38       AC:  3    Str: 13    XL:     4   Next: 12%
Magic:  5/7        EV: 15    Int: 14    God:
Gold:   139        SH:  2    Dex: 16    Spells: 1/7 levels left

rFire    . . .     SeeInvis +     - Unarmed
rCold    . . .     Gourm    .   (no shield)
rNeg     . . .     Faith    .   b - +1 robe
rPois    +         Spirit   .   (no helmet)
rElec    .         Reflect  +   (no cloak)
rCorr    .         Harm     .   (no gloves)
MR       .....                  (no barding)
Stlth    ++........             f - +2 amulet of reflection
HPRegen  0.12/turn              (no ring)
MPRegen  0.10/turn              (no ring)

@: agile, lethally poisoned (0 -> -1), flying, very slightly contaminated,
invisible, very slow
A: large, see invisible, deformed body, poison resistance, slowness 2, slow
metabolism 1, spit poison 1, AC +1
a: Spit Poison


You were on level 3 of the Dungeon.
You were hungry.

You visited 1 branch of the dungeon, and saw 3 of its levels.

You collected 139 gold pieces.

Inventory:

Missiles
 a - 25 arrows
 h - 30 poisoned darts (quivered)
Armour
 b - a +1 robe (worn)
Jewellery
 e - an uncursed amulet of magic regeneration
 f - a +2 amulet of reflection (around neck)
Scrolls
 g - 2 scrolls of remove curse
 l - 2 scrolls of identify
 o - a scroll of teleportation
Comestibles
 d - 3 rations
 j - 7 chunks of flesh


   Skills:
 - Level 1.0 Fighting
 - Level 1.5 Dodging
 - Level 3.0 Unarmed Combat
 - Level 2.0 Spellcasting
 + Level 4.3 Transmutations


You had one spell level left.
You knew the following spells:

 Your Spells              Type           Power        Failure   Level  Hunger
a - Beastly Appendage     Tmut           ##....       4%          1    ##.....
b - Sticks to Snakes      Tmut           ##......     6%          2    ###....
c - Spider Form           Tmut/Pois      #.........   30%         3    ####...

Your spell library contained the following spells:

 Spells                   Type           Power        Failure   Level  Hunger
 Ice Form                 Ice/Tmut       #.......     69%         4    #####..
 Blade Hands              Tmut           ##........   75%         5    ######.


Dungeon Overview and Level Annotations

Branches:
Dungeon (3/15)

Altars:


Innate Abilities, Weirdness & Mutations

You cannot wear boots.
Your serpentine skin is tough. (AC +1)
You have supernaturally acute eyesight. (SInv)
Armour fits poorly on your strangely shaped body.
Your system is resistant to poisons. (rPois)
You cover ground very slowly.
You have a slow metabolism.
You can spit poison.


Message History

* * * LOW HITPOINT WARNING * * *
You feel sick.
You see here a +0 flail.
As you read the scroll labeled GAD CAENNE, it crumbles to dust.
It is a scroll of identify.
o - a scroll of teleportation
As you read the scroll labeled XUEPTIOQIG, it crumbles to dust.
It is a scroll of enchant armour.
Your +0 robe glows green for a moment.
* * * LOW HITPOINT WARNING * * *
You feel sick.
Okay, then.
You aren't carrying any potions.
There is a lethal amount of poison in your body!
There is a lethal amount of poison in your body!
* * * LOW HITPOINT WARNING * * *
You feel sick.
* * * LOW HITPOINT WARNING * * *
You feel sick.
You die...

.. ....# .# .... .##.# #.
...# . .##.# #.. ...##.#
##.##.###..# ......# #..
#..... ......# #.#
#...#### §......
##.###.#....######)..#...
.........##.#..(@)§§....#
..............#####§....#
...........#.######.#..#.
.................... .#
...........#.#######
........^))<........
...........#..######..
..........###.........
................##.##


There were no monsters in sight!

Vanquished Creatures
  An ooze (D:1)
  2 worms (D:2)
  A dart slug (D:2)
  A leopard gecko (D:1)
  4 orcs (D:3)
  5 giant cockroaches
  A goblin (D:3)
  5 hobgoblins
  6 jackals (D:1)
  3 kobolds
  4 bats
  3 frilled lizards
  3 rats
39 creatures vanquished.

Vanquished Creatures (collateral kills)
  A worm (D:2)
  A goblin (D:3)
  A hobgoblin (D:3)
  A kobold (D:3)
4 creatures vanquished.

Grand Total: 43 creatures vanquished

Notes
Turn   | Place    | Note
-------+----------+-------------------------------------------
     0 | D:1      | Kohma the Naga Transmuter began the quest for the Orb.
     0 | D:1      | Reached XP level 1. HP: 18/18 MP: 3/3
   479 | D:1      | Reached XP level 2. HP: 5/25 MP: 3/5
   730 | D:1      | Learned a level 2 spell: Sticks to Snakes
  1070 | D:1      | Reached skill level 3 in Transmutations
  1586 | D:2      | Reached XP level 3. HP: 31/31 MP: 3/6
  1591 | D:2      | Learned a level 3 spell: Spider Form
  2722 | D:3      | Reached skill level 4 in Transmutations
  2966 | D:3      | Reached XP level 4. HP: 33/38 MP: 1/7
  2994 | D:3      | HP: 1/38 [poisoned by a kobold]
  3002 | D:3      | Succumbed to a kobold's poison

Levels and vault maps discovered:
D:1:      evilmike_arrival_hilbert_curve, layout_basic,
          minmay_misc_feat_enclosed, minmay_pentomino_p2
D:2:      layout_loops_ring
D:3:      layout_rooms, uniq_terence, uniq_jessica

Skill      XL: |  1  2  3 |
---------------+----------+-----
Transmutations | 3 4 |  4.3
Fighting       | |  1.0
Dodging        | |  1.5
Unarmed Combat | |  3.0
Spellcasting   | |  2.0

Action                   |  1- 3 |  4- 6 || total
-------------------------+-------+-------++-------
Melee: Unarmed           |   136 |    11 ||   147
       Headbutt          |    16 |       ||    16
       Punch             |     1 |       ||     1
 Cast: Beastly Appendage |    23 |       ||    23
       Sticks to Snakes  |     5 |       ||     5
       Spider Form       |     1 |       ||     1
  Use: Scroll            |       |     5 ||     5
       Potion            |       |     3 ||     3
 Stab: Sleeping          |     1 |       ||     1
       Invisible         |       |     1 ||     1
  Eat: Chunk             |     5 |       ||     5
Armor: Robe              |    21 |       ||    21
Dodge: Dodged            |    71 |     3 ||    74

Table legend:
 A = Non-vault XP
 B = Vault XP
 C = Vault XP percentage of total XP
 D = Non-vault monster count
 E = Vault monster count
 F = Vault count percentage of total count
                 A         B        C        D         E       F
            +---------+---------+-------+---------+---------+-------
      Total |      85 |       7 |   7.6 |      42 |       1 |   2.3
            +---------+---------+-------+---------+---------+-------
        D:1 |      26 |       7 |  21.2 |      14 |       1 |   6.7
        D:2 |      31 |       0 |   0.0 |      13 |       0 |   0.0
        D:3 |      28 |       0 |   0.0 |      15 |       0 |   0.0
            +---------+---------+-------+---------+---------+-------
